 Dungeon Crawl Stone Soup version 0.22.1 (webtiles) character file.

40 Markonkel the Shooter (level 3, -2/29 HPs)
             Began as a Centaur Arcane Marksman on Sept 17, 2018.
             Slain by an adder (4 damage)
             ... on level 2 of the Dungeon.
             The game lasted 00:06:16 (1248 turns).

Markonkel the Shooter (Centaur Arcane Marksman)     Turns: 1248, Time: 00:06:16

Health: -2/29      AC:  4    Str: 13    XL:     3   Next: 30%
Magic:  4/5        EV:  9    Int: 12    God:
Gold:   48         SH:  0    Dex:  9    Spells: 3/4 levels left

rFire    . . .     SeeInvis .   a - +0 shortbow
rCold    . . .     Gourm    .   (shield currently unavailable)
rNeg     . . .     Faith    .   f - +0 robe
rPois    .         Spirit   .   (no helmet)
rElec    .         Reflect  .   (no cloak)
rCorr    .         Harm     .   (no gloves)
MR       .....                  (no barding)
Stlth    +.........             (no amulet)
HPRegen  0.09/turn              (no ring)
MPRegen  0.09/turn              (no ring)

@: lethally poisoned (-2 -> -8), very quick
A: large, hooves 3, deformed body, speed 2, tough skin 3
a: no special abilities


You were on level 2 of the Dungeon.
You were not hungry.

You visited 1 branch of the dungeon, and saw 2 of its levels.

You collected 48 gold pieces.

Inventory:

Hand Weapons
 a - a +0 shortbow (weapon)
Missiles
 j - 7 poisoned needles
Armour
 f - a +0 robe (worn)
Potions
 i - a potion of brilliance
Comestibles
 b - a chunk of flesh
 e - a ration


   Skills:
 + Level 1.7 Fighting
 + Level 3.4 Bows
 - Level 1.3 Dodging
 + Level 1.4 Spellcasting
 + Level 3.0 Hexes


You had 3 spell levels left.
You knew the following spells:

 Your Spells              Type           Power        Failure   Level  Hunger
v - Corona                Hex            #......      9%          1    ##.....

Your spell library contained the following spells:

 Spells                   Type           Power        Failure   Level  Hunger
 Slow                     Hex            #.......     12%         2    ###....
 Inner Flame              Hex/Fire       #.......     43%         3    ####...
 Portal Projectile        Hex/Tloc       #.....       43%         3    ####...
 Cause Fear               Hex            #.........   63%         4    #####..
 Leda's Liquefaction      Hex/Erth       #.........   83%         4    #####..


Dungeon Overview and Level Annotations

Branches:
Dungeon (2/15)

Altars:


Innate Abilities, Weirdness & Mutations

You have hooves in place of feet.
Armour fits poorly on your strangely shaped body.
You cover ground very quickly.
You have extremely tough skin. (AC +3)


Message History

Firing (i - inventory) No suitable missiles.
Aim: an adder (moderately wounded)
Okay, then.
Firing (i - inventory) No suitable missiles.
Aim: an adder (moderately wounded)
Okay, then.
Firing (i - inventory) No suitable missiles.
Aim: an adder (moderately wounded)
Okay, then.
Firing (i - inventory) No suitable missiles.
Aim: an adder (moderately wounded)
Okay, then.
Firing (i - inventory) No suitable missiles.
Aim: an adder (moderately wounded)
Okay, then.
Okay, then.
As you read the scroll labeled GEITTO DADD, it crumbles to dust.
You feel blessed for a moment.
It was a scroll of remove curse.
The adder bites you.
You die...

####......... ...
............ ...
###.........# ...
...........##.# ##..#.#
##.#..###<....#### ...#..
...(....).>....... . #.....
.#(..(...###### .. #.....
##.(##..#########.$#.#.....
#.<##(...@S(((.(((.......K
#.###+##########.....g...#
.(S .......<. .....
......... #..... .........
....... ........# .......
......... l..#### .#......#
....=....


You could see an adder.

Vault maps used:
D:1:      minmay_arrival_semitransparent
D:2:      vehumet_crystals, fedhas_altar_2

Notes
Turn   | Place    | Note
-------+----------+-------------------------------------------
     0 | D:1      | Markonkel the Centaur Arcane Marksman began the quest for
                  | the Orb.
     0 | D:1      | Reached XP level 1. HP: 16/16 MP: 2/2
   300 | D:1      | Reached skill level 3 in Bows
   411 | D:1      | Reached XP level 2. HP: 19/23 MP: 3/3
  1166 | D:2      | Reached skill level 3 in Hexes
  1172 | D:2      | HP: 2/23 [adder (4)]
  1175 | D:2      | Identified 2 potions of brilliance
  1176 | D:2      | Identified 2 potions of curing
  1179 | D:2      | Reached XP level 3. HP: 16/29 MP: 2/5
  1244 | D:2      | HP: 4/29 [adder (5)]
  1248 | D:2      | Identified a scroll of remove curse
  1248 | D:2      | Slain by an adder

Table legend:
 A = Turns spent in this place as a percentage of turns spent in the entire game.
 B = Non-inter-level travel turns spent in this place as a percentage of non-inter-level travel turns spent in the entire game.
 C = Inter-level travel turns spent in this place as a percentage of turns spent in this place.
 D = Turns resting spent in this place as a percentage of non-inter-level travel turns spent in this place.
 E = Turns spent auto-exploring this place as a percentage of non-inter-level travel turns spent in this place.
 F = Non-inter-level travel turns spent in this place divided by the number of levels of this place that you've seen.
                   A       B       C       D       E      F
               +-------+-------+-------+-------+-------+----------------------
         Total | 100.0 | 100.0 |   7.9 |   3.6 |  82.5 | 574.5
       Dungeon | 100.0 | 100.0 |   7.9 |   3.6 |  82.5 | 574.5
               +-------+-------+-------+-------+-------+----------------------

Table legend:
 A = Kills in this place as a percentage of kills in entire the game.
 B = Kills by you in this place as a percentage of kills by you in the entire game.
 C = Kills by friends in this place as a percentage of kills by friends in the entire game.
 D = Other kills in this place as a percentage of other kills in the entire game.
 E = Experience gained in this place as a percentage of experience gained in the entire game.
 F = Experience gained in this place divided by the number of levels of this place that you have seen.
                   A       B       C       D       E      F
               +-------+-------+-------+-------+-------+----------------------
         Total | 100.0 | 100.0 |   N/A |   N/A | 100.0 |  29.0
       Dungeon | 100.0 | 100.0 |   N/A |   N/A | 100.0 |  29.0
               +-------+-------+-------+-------+-------+----------------------

Skill      XL: |  1  2 |
---------------+-------+-----
Bows           | 3 |  3.4
Hexes          | 3 |  3.0
Fighting       | |  1.7
Dodging        | |  1.3
Spellcasting   | |  1.4

Action                   || total
-------------------------++-------
 Fire: Shortbow          ||    65
Throw: Stone             ||    28
       Javelin           ||     3
 Cast: Corona            ||     9
  Use: Potion            ||     3
       Scroll            ||     1
Armor: Robe              ||    27
Dodge: Dodged            ||    30

Vanquished Creatures
  2 adders (D:2)
  A worm (D:2)
  A giant cockroach (D:2)
  2 goblins (D:1)
  2 hobgoblins
  3 bats (D:1)
  2 frilled lizards
  5 kobolds
  6 rats (D:1)
24 creatures vanquished.
